 Dungeon Crawl Stone Soup version 0.30-a0-304-gdc4b735fe1 (webtiles) character file.

Game seed: 7136723363208274180

25 lonewolfV2 the Trooper (level 3, -5/24 HPs)
             Began as a Gargoyle Fighter on Oct 20, 2022.
             Slain by a gnoll
             ... wielding a +0 halberd
              (8 damage)
             ... on level 2 of the Dungeon.
             The game lasted 00:00:47 (726 turns).

lonewolfV2 the Trooper (Gargoyle Fighter)            Turns: 726, Time: 00:00:48

Health: -5/24      AC: 10    Str: 21    XL:     3   Next: 4%
Magic:  3/3        EV:  9    Int:  8    God:
Gold:   42         SH:  4    Dex:  9    Spells: 2/2 levels left

rFire   . . .      SeeInvis .    a - +0 flail
rCold   . . .      Faith    .    c - +0 buckler
rNeg    + . .      Spirit   .    b - +0 scale mail
rPois   ∞          Reflect  .    (no helmet)
rElec   +          Harm     .    (no cloak)
rCorr   .          Rampage  .    (no gloves)
Will    .....                    (no boots)
Stlth   ..........               (no amulet)
HPRegen 0.24/turn                (no ring)
MPRegen 0.08/turn                (no ring)

@: mighty
A: sickness immunity, AC +3, negative energy resistance 1, electricity
resistance, torment resistance 1, petrification resistance
a: no special abilities


You were on level 2 of the Dungeon.
You visited 1 branch of the dungeon, and saw 2 of its levels.

You collected 42 gold pieces.

Inventory:

Hand Weapons
 a - a +0 flail (weapon)
Armour
 b - a +0 scale mail (worn)
 c - a +0 buckler (worn)
Scrolls
 e - a scroll of enchant weapon {unknown}
 f - a scroll of blinking {unknown}
 g - a scroll of amnesia {unknown}


   Skills:
 + Level 3.8 Fighting
 + Level 2.3 Maces & Flails
 + Level 3.3 Armour
 + Level 3.7 Shields


You had 2 spell levels left.
You didn't know any spells.
Your spell library was empty.

Dungeon Overview and Level Annotations

Branches:
Dungeon (2/15)

Altars:


Innate Abilities, Weirdness & Mutations

You are immune to sickness and miasma.
Your stone body is resilient. (AC +3)
You are immune to poison.
You resist negative energy. (rN+)
You are resistant to electric shocks. (rElec)
You are resistant to unholy torment.
You are immune to petrification.


Message History

A gnoll comes into view. It is wielding a +0 halberd.
You see here a throwing net.
There are monsters nearby!
There are monsters nearby!
Unknown command.
You struggle against the net.
The gnoll shouts!
You hear a shout!
You hear an angry hiss.
A quokka comes into view.
A frilled lizard comes into view.
You struggle against the net.
A gnoll comes into view. It is wielding a +0 flail.
You struggle against the net.
You rip the net and break free!
You block the frilled lizard's attack.
You closely miss the frilled lizard.
The frilled lizard bites you but does no damage.
You hit the frilled lizard but do no damage.
The frilled lizard closely misses you.
The frilled lizard bites you but does no damage.
You hit the frilled lizard.
You kill the frilled lizard!
You block the quokka's attack.
You miss the quokka.
The gnoll hits you from afar with a +0 halberd.
The quokka bites you.
You barely miss the quokka.
The quokka bites you but does no damage.
The gnoll hits you but does no damage. The quokka barely misses you.
The gnoll hits you but does no damage.
You barely miss the quokka.
The quokka bites you but does no damage.
The gnoll hits you from afar with a +0 halberd.
You block the quokka's attack.
You feel very mighty all of a sudden.
The gnoll hits you from afar with a +0 halberd!
* * * LOW HITPOINT WARNING * * *
The quokka barely misses you.
You thump the quokka!
You kill the quokka!
The gnoll hits you from afar with a +0 halberd!
You die... ..... ...# ...# gg#

.g# #+#.# #.#.#
#########.#.#
#....@†ggg..#
#.#########......#
#.# #####.... #†#
#. #.#
##.#########
#..........#
#.†#####...#
#..........#


You could see 3 gnolls.

Vanquished Creatures
  5 ball pythons
  5 endoplasms (D:1)
  A giant cockroach (D:1)
  A goblin (D:1)
  3 hobgoblins
  2 jackals (D:1)
  A quokka (D:2)
  A frilled lizard (D:2)
  3 rats (D:1)
22 creatures vanquished.

Notes
Turn   | Place    | Note
-------+----------+-------------------------------------------
     0 | D:1      | lonewolfV2 the Gargoyle Fighter began the quest for the
                  | Orb.
     0 | D:1      | Reached XP level 1. HP: 14/14 MP: 1/1
    96 | D:1      | Found a faded altar of an unknown god.
   225 | D:1      | Reached XP level 2. HP: 19/19 MP: 2/2
   692 | D:2      | Reached XP level 3. HP: 24/24 MP: 3/3
   726 | D:2      | Slain by a gnoll

Illustrated notes

Levels and vault maps discovered:
D:1:      nzn_arrival_depleted_hourglass, layout_basic, basic_ecumenical_altar
D:2:      layout_basic, hangedman_feature_mirror

Action                   || total
-------------------------++-------
Melee: Flail             ||    60
  Use: Potion            ||     1
Armor: Scale mail        ||    26
Dodge: Dodged            ||    20
Block: Buckler           ||    22

Table legend: (Time is in decaauts)
 A = Elapsed time spent in this place.
 B = Non-inter-level travel time spent in this place.
 C = Inter-level travel time spent in this place.
 D = Time resting spent in this place.
 E = Time spent auto-exploring this place.
 F = Levels seen in this place.
 G = Mean time per level.
                   A        B        C        D        E       F      G
               +--------+--------+--------+--------+--------+-----+--------+
         Total |    745 |    729 |     16 |      0 |    545 |   2 |  372.5 |
       Dungeon |    745 |    729 |     16 |      0 |    545 |   2 |  372.5 |
               +--------+--------+--------+--------+--------+-----+--------+

Top non-repeatable levels by time:
     D:1: 692 daAuts
     D:2: 53 daAuts
